 Dungeon Crawl Stone Soup version 0.18.1-8-gdd0e5ea (webtiles) character file.

6179 George the Carver (level 10, 0/88 HPs)
             Began as a Minotaur Fighter on May 21, 2016.
             Was a Believer of the Shining One.
             Slain by a skeletal warrior
             ... wielding a +0 broad axe
             ... led by a skeletal warrior
              (17 damage)
             ... on level 13 of the Dungeon.
             The game lasted 00:15:41 (8010 turns).

George the Carver (Minotaur Fighter)                Turns: 8010, Time: 00:15:42

Health: 0/88       AC: 21    Str: 23    XL:     10   Next: 60%
Magic:  22/22      EV:  5    Int:  5    God:    the Shining One [**....]
Gold:   98         SH: 15    Dex: 11    Spells: 0 memorised, 9 levels left

rFire  + . .     SeeInvis .     a - +0 long sword
rCold  . . .     Gourm    .     L - +0 plate armour {rF+}
rNeg   + . .     Faith    .     c - +1 shield
rPois  .         Spirit   .     (helmet restricted)
rElec  .         Dismiss  .     y - +1 cloak
rCorr  .         Reflect  +     G - +2 pair of gloves
SustAt .         Harm     .     U - +1 pair of boots
MR     .....                    s - +3 amulet of reflection
Stlth  ..........               (no ring)
                                Q - ring of magical power

@: glowing, not resistant to hostile enchantments, extremely unstealthy
A: retaliatory headbutt, horns 2
a: Divine Shield, Renounce Religion


You were on level 13 of the Dungeon.
You worshipped the Shining One.
The Shining One was pleased with you.
You were not hungry.

You visited 2 branches of the dungeon, and saw 12 of its levels.
You also visited: Sewer.

You collected 462 gold pieces.
You spent 364 gold pieces at shops.

Inventory:

Hand Weapons
 a - a +0 long sword (weapon)
 l - a +0 short sword
Missiles
 R - 2 throwing nets (quivered)
Armour
 c - a +1 shield (worn)
 y - a +1 cloak (worn)
 G - a +2 pair of gloves (worn)
 L - a +0 plate armour of fire resistance (worn)
 U - a +1 pair of boots (worn)
Jewellery
 s - a +3 amulet of reflection (around neck)
 Q - a ring of magical power (left hand)
Wands
 H - a wand of acid (1/15)
 O - a wand of hasting (9/9)
Scrolls
 z - 5 scrolls of teleportation
 B - 2 scrolls of blinking
 P - 2 scrolls of remove curse
 S - a scroll of enchant armour
Potions
 d - 4 potions of might
 n - 4 potions of agility
 o - 2 potions of haste
 p - 2 potions of magic
 q - 2 potions of flight
 x - 2 potions of cancellation {unknown}
 E - 5 potions of curing {unknown}
 I - 2 potions of ambrosia {unknown}
 J - a potion of heal wounds {unknown}
 K - 2 potions of berserk rage {unknown}
 M - 3 potions of mutation {unknown}
Miscellaneous
 W - an ornate deck of escape
Comestibles
 f - 8 bread rations
 u - 5 meat rations
 w - 7 beef jerkies
 V - a royal jelly


   Skills:
 + Level 7.8 Fighting
 + Level 13.0 Long Blades
 + Level 8.0 Armour
 + Level 7.8 Shields
 + Level 5.8 Invocations


You had 9 spell levels left.
You didn't know any spells.

Dungeon Overview and Level Annotations

Branches:
Dungeon (10/15)            Temple (1/1) D:6             Orc (0/2) D:9
   Lair: D:8-11

Altars:
Ashenzari
Cheibriados
Dithmenos
Elyvilon
Fedhas
Gozag
Kikubaaqudgha
Makhleb
Nemelex Xobeh
Okawaru
Pakellas
Qazlal
Ru
Sif Muna
Trog
Vehumet
Xom
Yredelemnul
Zin
The Shining One

Shops:
D:5 ?   D:7 *   D:8 [   D:9 (


Innate Abilities, Weirdness & Mutations

You reflexively headbutt those who attack you in melee.
You have a pair of horns on your head.


Message History

The skeletal warrior is almost destroyed.
You block the skeletal warrior's attack.
You slash the skeletal warrior!
You headbutt the skeletal warrior, but do no damage.
The skeletal warrior is almost destroyed.
The skeletal warrior hits you with a broad axe!!
* * * LOW HITPOINT WARNING * * *
You slash the skeletal warrior!
You destroy the skeletal warrior!
The Shining One accepts your kill.
Your Long Blades skill increases to level 13!
Your Armour skill increases to level 8!
You block the skeletal warrior's attack.
You hit the skeletal warrior but do no damage.
You hit the skeletal warrior but do no damage.
Your headbutt misses the skeletal warrior.
The skeletal warrior hits you but does no damage.
You hit the skeletal warrior but do no damage.
The skeletal warrior hits you with a broad axe!
You die...

#...###.#####.####.#
##.## #..zz.(.#
#!############
####.z.## #.....#z.#
#.#.#....########
..%...#.##.....#
###....#.##.....#
#.##.....).@..#
#......##..z..#
..###.####.....# #
#. ####### .. ##


You could see a skeletal warrior.

Vanquished Creatures
  2 skeletal warriors (D:13)
  Pikel (D:6)
  3 yaks (D:9)
  A hippogriff (D:8)
  2 hungry ghosts (D:8)
  A water moccasin (D:8)
  An ice beast (D:8)
  2 sky beasts
  A necrophage (D:9)
  A black bear (D:8)
  4 phantoms
  3 ogres
  2 centaurs
  A big kobold (D:7)
  6 giant frogs
  A wyvern skeleton (D:7)
  2 scorpions (D:5)
  4 killer bees (D:6)
  2 howler monkeys
  4 wights (D:6)
  5 crimson imps
  A giant frog zombie (D:7)
  3 hounds
  4 orc priests
  Crazy Yiuf (D:6)
  A gnoll shaman (D:6)
  Ijyb (D:2)
  Jessica (D:2)
  A centaur skeleton (D:9)
  Terence (D:2)
  3 iguanas (D:5)
  6 worker ants
  6 orc wizards
  Robin (D:2)
  A hound skeleton (D:8)
  10 gnolls
  A howler monkey skeleton (D:5)
  13 adders
  2 river rats (D:4)
  3 shadow imps
  An adder zombie (D:8)
  4 adder skeletons
  3 worms
  2 dart slugs (D:1)
  9 giant geckos
  29 orcs
  7 ball pythons
  5 giant cockroaches
  9 hobgoblins
  6 jackals
  3 quokkas
  A ball python zombie (D:5)
  4 bats
  13 giant newts
  14 goblins
  13 kobolds
  7 rats
239 creatures vanquished.

Vanquished Creatures (others)
  A slave (D:6)
  A howler monkey (D:6)
  An orc wizard (D:6)
  An orc priest (D:6)
  2 hound skeletons (D:6)
  A giant gecko (D:6)
7 creatures vanquished.

Grand Total: 246 creatures vanquished

Notes
Turn   | Place    | Note
--------------------------------------------------------------
     0 | D:1      | George the Minotaur Fighter began the quest for the Orb.
     0 | D:1      | Reached XP level 1. HP: 19/19 MP: 0/0
   131 | D:1      | Reached skill level 3 in Long Blades
   256 | D:1      | Reached XP level 2. HP: 22/26 MP: 1/1
   421 | D:1      | Reached skill level 4 in Long Blades
   533 | D:1      | Reached XP level 3. HP: 31/31 MP: 2/2
   838 | D:2      | Noticed Terence
   841 | D:2      | Killed Terence
   841 | D:2      | Reached skill level 5 in Long Blades
   857 | D:2      | Noticed Jessica
   863 | D:2      | Killed Jessica
   863 | D:2      | Reached XP level 4. HP: 39/39 MP: 3/3
   868 | D:2      | Noticed Ijyb
   873 | D:2      | Killed Ijyb
   873 | D:2      | Reached skill level 6 in Long Blades
   924 | D:2      | Found a white marble altar of Elyvilon.
  1008 | D:2      | Reached XP level 5. HP: 27/45 MP: 4/4
  1200 | D:2      | Noticed Robin
  1230 | D:2      | Killed Robin
  1590 | D:2      | Reached skill level 7 in Long Blades
  2076 | D:3      | Reached XP level 6. HP: 41/51 MP: 5/5
  2314 | D:3      | Found an oddly glowing altar of Pakellas.
  2417 | D:4      | Found an iron altar of Okawaru.
  2445 | D:4      | Reached skill level 8 in Long Blades
  2537 | D:4      | Found a glowing drain.
  2543 | Sewer    | Entered a sewer
  2833 | Sewer    | Reached skill level 9 in Long Blades
  2842 | Sewer    | Reached XP level 7. HP: 32/57 MP: 6/6
  3244 | D:4      | Found a shattered altar of Ashenzari.
  3768 | D:5      | Entered Level 5 of the Dungeon
  3787 | D:5      | Reached skill level 10 in Long Blades
  4053 | D:5      | Reached skill level 11 in Long Blades
  4086 | D:5      | Found Hytwei's Magic Scroll Shop.
  4089 | D:5      | Reached XP level 8. HP: 61/64 MP: 7/7
  4145 | D:5      | Found a glowing golden altar of the Shining One.
  4150 | D:5      | Became a worshipper of the Shining One
  4419 | D:5      | Reached skill level 1 in Invocations
  4694 | D:6      | Found a staircase to the Ecumenical Temple.
  4754 | D:6      | Found a burning altar of Makhleb.
  4766 | D:6      | Reached * piety under the Shining One
  4811 | D:6      | Found a shadowy altar of Dithmenos.
  4812 | D:6      | Noticed Pikel
  4837 | D:6      | Killed Pikel
  4837 | D:6      | Reached skill level 5 in Fighting
  4837 | D:6      | Reached skill level 5 in Armour
  4837 | D:6      | Reached skill level 5 in Shields
  4837 | D:6      | Reached XP level 9. HP: 12/74 MP: 8/10
  5092 | D:6      | Reached skill level 12 in Long Blades
  5517 | D:6      | Noticed Crazy Yiuf
  5521 | D:6      | Killed Crazy Yiuf
  5585 | D:6      | Found an ancient bone altar of Kikubaaqudgha.
  5640 | Temple   | Entered the Ecumenical Temple
  6089 | D:7      | Found a sparkling altar of Nemelex Xobeh.
  6262 | D:7      | Found Qoafan's General Store.
  6367 | D:7      | Found a sacrificial altar of Ru.
  6579 | D:7      | Reached ** piety under the Shining One
  6901 | D:8      | Found an opulent altar of Gozag.
  7107 | D:8      | Reached XP level 10. HP: 82/84 MP: 12/12
  7152 | D:8      | Found Jianwiso's Antique Armour Boutique.
  7343 | D:8      | Bought a brightly glowing scale mail for 243 gold pieces
  7353 | D:8      | Identified the cursed +1 scale mail of the Doldrums {MR+} (You bought it in a shop on level 8 of the Dungeon)
  7365 | D:8      | Bought a pair of glowing boots for 121 gold pieces
  7490 | D:9      | Found Wownauh's Antique Weapon Emporium.
  7629 | D:9      | Reached skill level 5 in Invocations
  7695 | D:9      | Found a staircase to the Orcish Mines.
  7891 | D:10     | Entered Level 10 of the Dungeon
  7909 | D:10     | You fall through a shaft for 3 floors!
  7921 | D:13     | Noticed a skeletal warrior
  7921 | D:13     | Noticed a skeletal warrior
  7921 | D:13     | Noticed a skeletal warrior
  7965 | D:13     | Killed a skeletal warrior
  8003 | D:13     | Killed a skeletal warrior
  8003 | D:13     | Reached skill level 13 in Long Blades
  8010 | D:13     | Slain by a skeletal warrior

Skill      XL: |  1  2  3  4  5  6  7  8  9 10 |
---------------+-------------------------------+-----
Long Blades    | 3 4 5 6 7 9 11 12 13 | 13.0
Shields        | 5 6 7 |  7.8
Invocations    | 3 4 5 |  5.8
Fighting       | 5 6 7 |  7.8
Armour         | 5 7 8 |  8.0

Action                   |  1- 3 |  4- 6 |  7- 9 | 10-12 || total
-------------------------+-------+-------+-------+-------++-------
Melee: Long sword        |    65 |   276 |   350 |   129 ||   820
       Headbutt          |     5 |    34 |    69 |    31 ||   139
Invok: Divine Shield     |       |       |       |     1 ||     1
  Use: Scroll            |     2 |     8 |     4 |     2 ||    16
  Eat: Chunk             |       |     7 |    14 |     3 ||    24
       Pizza             |       |       |     1 |       ||     1
       Beef jerky        |       |       |       |     1 ||     1
Armor: Scale mail        |     7 |       |     8 |       ||    15
       Chain mail        |     9 |   113 |    54 |       ||   176
       Plate armour      |       |       |    35 |    37 ||    72
Dodge: Dodged            |    14 |    36 |    36 |    11 ||    97
Block: Shield            |    35 |   180 |   172 |    78 ||   465
       Reflection        |       |     3 |     1 |     2 ||     6
